 Dungeon Crawl Stone Soup version 0.28-a0-861-ge64d6db94f (webtiles) character file.

Game seed: 5021707206208991942

160 Sweeb the Chucker (level 5, -9/55 HPs)
             Began as an Ogre Hunter on Nov 16, 2021.
             Mangled by a gnoll (10 damage)
             ... on level 4 of the Dungeon.
             The game lasted 00:06:33 (4949 turns).

Sweeb the Chucker (Ogre Hunter)                     Turns: 4949, Time: 00:06:33

Health: -9/55      AC:  3    Str: 22    XL:     5   Next: 41%
Magic:  5/5        EV: 10    Int: 12    God:
Gold:   222        SH:  0    Dex: 10    Spells: 4/4 levels left

rFire   . . .      SeeInvis .   f - +0 club
rCold   . . .      Faith    .   (no shield)
rNeg    . . .      Spirit   .   b - +0 robe
rPois   .          Reflect  .   (helmet restricted)
rElec   .          Harm     .   (no cloak)
rCorr   .          Rampage  .   (gloves unavailable)
Will    .....                   (boots unavailable)
Stlth   +.........              (no amulet)
HPRegen 0.18/turn               m - +6 ring of strength
MPRegen 0.09/turn               (no ring)

@: about to teleport
A: large, unfitting armour, tough skin 1
a: no special abilities


You were on level 4 of the Dungeon.
You visited 1 branch of the dungeon, and saw 4 of its levels.

You collected 222 gold pieces.

Inventory:

Hand Weapons
 a - a +0 short sword
 f - a +0 club (weapon)
Missiles
 c - 5 large rocks
 d - 2 throwing nets
 s - 9 boomerangs (quivered)
Armour
 b - a +0 robe (worn)
Jewellery
 m - a +6 ring of strength (left hand)
Scrolls
 e - a scroll of teleportation
 h - a scroll of blinking {unknown}
 j - a scroll of fear {unknown}
 k - a scroll of magic mapping {unknown}
 l - 3 scrolls of identify {unknown}
 q - a scroll of summoning {unknown}
 u - a scroll of noise {unknown}
Potions
 g - a potion of ambrosia {unknown}
 i - 2 potions of resistance {unknown}
 n - a potion of brilliance {unknown}
 o - 2 potions of flight {unknown}
 p - a potion of mutation {unknown}
 r - a potion of curing {unknown}
 t - a potion of magic {unknown}
 v - a potion of might {unknown}


   Skills:
 + Level 4.5 Fighting
 - Level 1.0 Short Blades
 + Level 1.0 Maces & Flails
 + Level 4.9 Throwing
 + Level 2.7 Dodging
 - Level 0.6 Stealth


You had 4 spell levels left.
You didn't know any spells.
Your spell library contained the following spells:

 Spells                   Type           Power      Damage    Failure   Level
 Slow                     Hex            0%         N/A       32%         1
 Confusing Touch          Hex            0%         N/A       69%         3
 Yara's Violent Unravell  Hex/Tmut       0%         3d3       100%        5


Dungeon Overview and Level Annotations

Branches:
Dungeon (4/15)
 Temple: D:4-7

Altars:

Annotations:
D:2 Robin


Innate Abilities, Weirdness & Mutations

You are too large for most types of armour.
You have tough skin. (AC +1)


Message History

Found a robe.
Found 23 bolts. 3 gnolls come into view.
The gnoll shouts! x3
A gnoll comes into view. It is wielding a +0 club.
A gnoll shaman comes into view. It is wielding a +4 whip.
There are monsters nearby!
A gnoll comes into view. It is wielding a +0 flail.
The gnoll shaman shouts!
The gnoll shouts!
A water moccasin skeleton comes into view.
The gnoll shaman calls upon its god to speed up the gnoll.
The gnoll seems to speed up.
The water moccasin skeleton bites you.
The water moccasin skeleton bites you but does no damage.
The gnoll shaman calls upon its god to speed up the gnoll.
The gnoll seems to speed up.
The gnoll hits you with a +0 flail! The gnoll hits you with a +0 club.
The gnoll hits you with a +0 flail! The gnoll hits you with a +0 club.
The gnoll shaman calls upon its god to speed up the gnoll.
The gnoll seems to speed up.
The gnoll closely misses you.
You hit the gnoll.
The gnoll is moderately wounded.
The gnoll closely misses you. The gnoll hits you with a +0 flail.
You barely miss the gnoll.
The gnoll is moderately wounded.
The gnoll hits you but does no damage. The gnoll hits you with a +0 flail!
* * * LOW HITPOINT WARNING * * *
You hit the gnoll.
The gnoll is heavily wounded.
The gnoll hits you with a +0 flail!
* * * LOW HITPOINT WARNING * * *
The gnoll hits you with a +0 flail.
* * * LOW HITPOINT WARNING * * *
As you read the scroll of teleportation, it crumbles to dust.
You feel strangely unstable. The gnoll barely misses you.
The gnoll shaman calls upon its god to speed up something.
The gnoll hits you with a +0 flail!
You die...

.....##...####....#.........†....
................#.#..(......)####
...........##...#.#..........#
..................#..........#
............g...###..........#
.....##.....#...# #..(.......####
.....##.g......>######+##........
#######.(..##g###.# .##........
#....##.gg@.####.##........
#....######.##.#.##........
#....# #......##........ ######
#......##........
###.....+........ #...###........
#.....'........ #....##........
#......+....†...


You could see a gnoll shaman and 2 gnolls.

Vanquished Creatures
  A howler monkey (D:4)
  A jelly (D:3)
  An adder (D:2)
  A worm (D:2)
  A dart slug (D:2)
  2 orcs (D:3)
  5 ball pythons
  5 bats
  4 endoplasms
  4 giant cockroaches
  3 goblins
  9 hobgoblins
  7 jackals
  3 quokkas
  5 frilled lizards
  6 kobolds
  9 rats
67 creatures vanquished.

Notes
Turn   | Place    | Note
-------+----------+-------------------------------------------
     0 | D:1      | Sweeb the Ogre Hunter began the quest for the Orb.
     0 | D:1      | Reached XP level 1. HP: 22/22 MP: 1/1
   276 | D:1      | Reached XP level 2. HP: 13/29 MP: 2/2
  1102 | D:1      | Reached XP level 3. HP: 31/37 MP: 3/3
  1576 | D:1      | Reached skill level 1 in Short Blades
  1829 | D:1      | Found a faded altar of an unknown god.
  2932 | D:2      | Reached XP level 4. HP: 14/48 MP: 4/4
  3237 | D:2      | Noticed Robin
  4171 | D:3      | Reached XP level 5. HP: 55/55 MP: 5/5
  4734 | D:4      | Reached skill level 1 in Maces & Flails
  4947 | D:4      | HP: 1/55 [gnoll (3)]
  4949 | D:4      | Mangled by a gnoll

Illustrated notes

Levels and vault maps discovered:
D:1:      dpeg_arrival_round_c, layout_basic,
          shapermc_ecumenical_altar_hornbeckon
D:2:      layout_basic, uniq_robin
D:3:      layout_loops_corners
D:4:      due_chaos_kobolds, layout_basic

Skill      XL: |  1  2  3  4  5 |
---------------+----------------+-----
Fighting       | 3 4 |  4.5
Dodging        | 2 |  2.7
Short Blades   | 1 |  1.0
Maces & Flails | 1 |  1.0
Throwing       | |  4.9
Stealth        | |  0.6

Action                   |  1- 3 |  4- 6 || total
-------------------------+-------+-------++-------
Melee: Short sword       |    95 |       ||    95
       Club              |   147 |   116 ||   263
Throw: Large rock        |     3 |     1 ||     4
  Use: Scroll            |       |     3 ||     3
Armor: Robe              |   105 |    40 ||   145
Dodge: Dodged            |   132 |    73 ||   205

Table legend: (Time is in decaauts)
 A = Elapsed time spent in this place.
 B = Non-inter-level travel time spent in this place.
 C = Inter-level travel time spent in this place.
 D = Time resting spent in this place.
 E = Time spent auto-exploring this place.
 F = Levels seen in this place.
 G = Mean time per level.
                   A        B        C        D        E       F      G
               +--------+--------+--------+--------+--------+-----+--------+
         Total |   5042 |   4936 |    106 |   1276 |   2839 |   4 | 1260.5 |
       Dungeon |   5042 |   4936 |    106 |   1276 |   2839 |   4 | 1260.5 |
               +--------+--------+--------+--------+--------+-----+--------+

Top non-repeatable levels by time:
     D:1: 1969 daAuts
     D:3: 1368 daAuts
     D:2: 1361 daAuts
     D:4: 342 daAuts
